 Dungeon Crawl Stone Soup version 0.18.1-48-g4cf74bf (console) character file.

11312 Kloppie the Impaler (level 11, -8/142 HPs)
             Began as a Merfolk Berserker on June 30, 2016.
             Was an Elder of Trog.
             Mangled by a six-headed hydra (14 damage)
             ... on level 11 of the Dungeon.
             The game lasted 00:18:55 (10227 turns).

Kloppie the Impaler (Merfolk Berserker)            Turns: 10227, Time: 00:18:56

Health: -8/142     AC:  8    Str: 22    XL:     11   Next: 75%
Magic:  11/11      EV: 21    Int:  6    God:    Trog [****..]
Gold:   817        SH:  0    Dex: 18    Spells: 0 memorised, 10 levels left

rFire  . . .     SeeInvis .     a - +0 trident
rCold  + . .     Gourm    .     j - +0 ring mail {MR+}
rNeg   . . .     Faith    .     (no shield)
rPois  .         Spirit   .     (no helmet)
rElec  .         Dismiss  .     x - +1 cloak
rCorr  .         Reflect  .     (no gloves)
SustAt .         Harm     .     E - +0 pair of boots
MR     +....                    l - amulet of regeneration
Stlth  ..........               (no ring)
                                w - ring of protection from cold

@: berserking, very quick, somewhat resistant to hostile enchantments, extremely
unstealthy
A: change form in water, swift swim
a: Berserk, Trog's Hand, Brothers in Arms, Burn Spellbooks, Renounce Religion


You were on level 11 of the Dungeon.
You worshipped Trog.
Trog was greatly pleased with you.
You were not hungry.

You visited 1 branch of the dungeon, and saw 11 of its levels.

You collected 817 gold pieces.

Inventory:

Hand Weapons
 a - a +0 trident (weapon)
 y - a +0 spear
Armour
 j - a +0 ring mail of magic resistance (worn)
 x - a +1 cloak (worn)
 E - a +0 pair of boots (worn)
Jewellery
 g - an uncursed amulet of guardian spirit
 l - an amulet of regeneration (around neck)
 w - a ring of protection from cold (left hand)
 B - an uncursed amulet of the gourmand
Wands
 q - a wand of flame (17/48)
 v - a wand of disintegration (9/24)
 z - a wand of acid (11/15)
Scrolls
 b - 5 scrolls of teleportation
 e - 4 scrolls of enchant armour
 i - 4 scrolls of fog
 m - a scroll of remove curse
 s - 3 scrolls of magic mapping
 A - 4 scrolls of identify
Potions
 d - 2 potions of heal wounds
 f - 2 potions of curing
 h - 2 potions of brilliance
 k - 4 potions of flight
 o - a potion of berserk rage
 p - 3 potions of cure mutation
 r - a potion of ambrosia
 C - a potion of mutation
 D - a potion of magic
Comestibles
 c - 5 bread rations
 n - a chunk of flesh
 t - a meat ration
 u - 36 fruits


   Skills:
 + Level 11.7 Fighting
 + Level 15.0 Polearms
 - Level 1.3 Armour
 + Level 13.5 Dodging


You had 10 spell levels left.
You didn't know any spells.

Dungeon Overview and Level Annotations

Branches:
Dungeon (11/15)            Temple (0/1) D:4            Lair (0/8) D:11
    Orc (0/2) D:9

Altars:
Ashenzari
Elyvilon
Fedhas
Okawaru
Pakellas
Qazlal
Xom
Yredelemnul
Zin
The Shining One


Message History

You puncture the six-headed hydra!
The six-headed hydra is heavily wounded.
You puncture the six-headed hydra!
The six-headed hydra is severely wounded.
The six-headed hydra closely misses you.
The six-headed hydra completely misses you.
The six-headed hydra bites you.
* * * LOW HITPOINT WARNING * * *
The six-headed hydra misses you. The six-headed hydra bites you!
* * * LOW HITPOINT WARNING * * *
The six-headed hydra bites you but does no damage.
You puncture the six-headed hydra!
The six-headed hydra is almost dead.
You barely miss the six-headed hydra.
The six-headed hydra is almost dead.
The six-headed hydra completely misses you.
The six-headed hydra bites you!
* * * LOW HITPOINT WARNING * * *
The six-headed hydra bites you!
You die...

#.# ########.#
#.# #......#.#
#######.#########
#......#.#
#...............#
####......#.#
#.#####.#######.#
#..'........# #.#
#.......#.#
#.##.)....### #.#
#######.#.#
#.##......# #.#
#.# #.##...####
#.# #@# #.##...#
#.# #D# #.##...#
#.# #C# #.##...#
#.# #.# #.##...#
#.# #.# #)######
#รท# #.# #.# #.#
#.# #.# #.# #.#
#.# #.# #.#


You could see a six-headed hydra and a hill giant.

Vanquished Creatures
  A hydra (D:11)
  2 hill giants
  A cyclops (D:11)
  A manticore (D:11)
  A komodo dragon (D:11)
  Prince Ribbit (D:6)
  2 two-headed ogres
  A vampire (D:10)
  A steam dragon (D:10)
  5 hippogriffs
  3 hungry ghosts
  Edmund (D:6)
  A water moccasin (D:11)
  7 orc warriors
  2 phantoms (D:8)
  4 sky beasts
  An eye of draining (D:11)
  A necrophage (D:9)
  4 ogres
  7 centaurs
  2 big kobolds
  11 giant frogs
  6 scorpions
  5 killer bees (D:9)
  3 wights (D:6)
  3 howler monkeys (D:10)
  6 crimson imps
  A quasit (D:9)
  4 jellies
  A giant frog skeleton (D:11)
  5 orc priests
  3 centaur skeletons
  3 hounds
  2 iguanas
  10 orc wizards
  10 worker ants
  2 hound skeletons
  2 worker ant zombies (D:11)
  3 gnolls
  9 adders
  2 river rats (D:11)
  A shadow imp (D:8)
  An ooze (D:2)
  An adder skeleton (D:4)
  3 worms
  A dart slug (D:2)
  4 giant geckos
  66 orcs
  3 ball pythons
  12 bats
  2 giant cockroaches
  5 hobgoblins
  11 jackals
  A quokka (D:7)
  A giant gecko skeleton (D:7)
  6 goblins
  7 kobolds
  A quokka zombie (D:5)
  4 rats
270 creatures vanquished.

Vanquished Creatures (others)
  The ghost of Caphalor the Zephyrmancer, a journeyman TeAE of Vehumet (D:11)
  6 fungi (D:11)
  5 plants
12 creatures vanquished.

Grand Total: 282 creatures vanquished

Notes
Turn   | Place    | Note
--------------------------------------------------------------
     0 | D:1      | Kloppie the Merfolk Berserker began the quest for the Orb.
     0 | D:1      | Reached XP level 1. HP: 18/18 MP: 1/1
   539 | D:1      | Reached XP level 2. HP: 22/24 MP: 2/2
   865 | D:1      | Reached skill level 5 in Polearms
  1177 | D:2      | Reached XP level 3. HP: 24/29 MP: 3/3
  1182 | D:2      | Found a shattered altar of Ashenzari.
  1341 | D:2      | Reached ** piety under Trog
  1800 | D:3      | Reached XP level 4. HP: 36/37 MP: 4/4
  2221 | D:3      | Reached skill level 6 in Polearms
  2336 | D:3      | Reached XP level 5. HP: 28/42 MP: 5/5
  2566 | D:4      | Found a staircase to the Ecumenical Temple.
  3025 | D:4      | Reached *** piety under Trog
  3123 | D:4      | Reached XP level 6. HP: 26/50 MP: 6/6
  3125 | D:4      | Reached skill level 5 in Dodging
  3126 | D:4      | Reached skill level 5 in Fighting
  3126 | D:4      | Reached skill level 7 in Polearms
  3587 | D:5      | Entered Level 5 of the Dungeon
  3613 | D:5      | You fall through a shaft for 3 floors!
  3677 | D:8      | Noticed an orc warrior
  3701 | D:8      | Reached XP level 7. HP: 47/56 MP: 7/7
  3838 | D:8      | Noticed a two-headed ogre
  3865 | D:8      | Killed a two-headed ogre
  3865 | D:8      | Reached skill level 8 in Polearms
  3987 | D:8      | Reached XP level 8. HP: 42/65 MP: 8/8
  4051 | D:8      | Reached skill level 9 in Polearms
  4386 | D:7      | Found a basalt altar of Yredelemnul.
  4389 | D:7      | Found a glowing silver altar of Zin.
  4391 | D:7      | Found an iron altar of Okawaru.
  4392 | D:7      | Found a glowing golden altar of the Shining One.
  4392 | D:7      | Found a stormy altar of Qazlal.
  4460 | D:7      | Reached skill level 10 in Polearms
  4534 | D:7      | Reached XP level 9. HP: 53/74 MP: 9/9
  4644 | D:6      | Noticed Edmund
  4659 | D:6      | Killed Edmund
  5073 | D:5      | Reached **** piety under Trog
  5347 | D:5      | Reached skill level 11 in Polearms
  5706 | D:6      | Noticed Prince Ribbit
  5718 | D:6      | Killed Prince Ribbit
  5810 | D:6      | Reached skill level 10 in Dodging
  5998 | D:6      | Found an oddly glowing altar of Pakellas.
  6313 | D:7      | Reached skill level 12 in Polearms
  6434 | D:7      | Received a gift from Trog
  6801 | D:8      | Found a white marble altar of Elyvilon.
  6842 | D:8      | Reached XP level 10. HP: 81/83 MP: 10/10
  7434 | D:9      | Found a blossoming altar of Fedhas.
  7859 | D:9      | Reached skill level 10 in Fighting
  8056 | D:9      | Reached skill level 13 in Polearms
  8153 | D:9      | Found a staircase to the Orcish Mines.
  8250 | D:10     | Entered Level 10 of the Dungeon
  8370 | D:10     | Found a shimmering altar of Xom.
  8371 | D:10     | Found a shimmering altar of Xom.
  8371 | D:10     | Found a shimmering altar of Xom.
  8374 | D:10     | Reached ***** piety under Trog
  8666 | D:10     | Noticed a hill giant
  8700 | D:10     | Killed a hill giant
  8700 | D:10     | Reached XP level 11. HP: 92/92 MP: 11/11
  8892 | D:10     | Noticed a cyclops
  8893 | D:10     | Noticed a mana viper
  8945 | D:10     | Noticed an anubis guard
  8945 | D:10     | a mana viper changed into an anubis guard
  8972 | D:10     | Noticed a deep troll
  9033 | D:11     | Noticed a hill giant
  9042 | D:11     | Killed a hill giant
  9042 | D:11     | Reached skill level 14 in Polearms
  9134 | D:11     | Noticed Caphalor's ghost (journeyman TeAE)
  9207 | D:11     | Killed Caphalor's ghost
  9286 | D:11     | Found a staircase to the Lair.
  9292 | D:11     | Noticed a four-headed hydra
  9320 | D:11     | Killed a four-headed hydra
  9808 | D:11     | Noticed a cyclops
  9819 | D:11     | Killed a cyclops
 10145 | D:11     | Noticed a manticore
 10159 | D:11     | Killed a manticore
 10159 | D:11     | Reached skill level 15 in Polearms
 10211 | D:11     | Noticed a six-headed hydra
 10213 | D:11     | Noticed a hill giant
 10227 | D:11     | HP: 6/142 [six-headed hydra (14)]
 10227 | D:11     | Mangled by a six-headed hydra

Skill      XL: |  1  2  3  4  5  6  7  8  9 10 11 |
---------------+----------------------------------+-----
Dodging        | 3 4 5 7 8 10 12 13 | 13.5
Polearms       | 5 6 7 8 10 12 13 15 | 15.0
Fighting       | 4 5 6 7 9 10 11 | 11.7
Armour         | |  1.3

Action                   |  1- 3 |  4- 6 |  7- 9 | 10-12 || total
-------------------------+-------+-------+-------+-------++-------
Melee: Spear             |   222 |   169 |       |       ||   391
       Trident           |       |    80 |   480 |   707 ||  1267
       Tailslap          |       |     2 |       |       ||     2
Invok: Berserk           |       |     5 |     8 |     9 ||    22
       Trog's Hand       |       |     4 |    10 |     8 ||    22
  Use: Potion            |       |     2 |     2 |     1 ||     5
       Scroll            |       |    13 |     8 |     2 ||    23
 Stab: Invisible         |       |       |     3 |       ||     3
       Sleeping          |       |       |       |     1 ||     1
  Eat: Chunk             |     3 |    11 |    14 |    28 ||    56
       Meat ration       |       |       |     1 |       ||     1
       Beef jerky        |       |       |     1 |       ||     1
       Pizza             |       |       |     2 |     2 ||     4
Armor: Animal skin       |     2 |       |       |       ||     2
       Ring mail         |    31 |    64 |    64 |    97 ||   256
Dodge: Dodged            |    69 |   141 |   231 |   358 ||   799
